 Dungeon Crawl Stone Soup version 0.21.0-24-g2553a33 (webtiles) character file.

190 Faca the Cudgeler (level 5, -13/34 HPs)
             Began as a Gargoyle Fighter on Jan 20, 2018.
             Was an Initiate of Qazlal.
             Mangled by a mummy (14 damage)
             ... in an ossuary.
             The game lasted 00:04:52 (2393 turns).

Faca the Cudgeler (Gargoyle Fighter)                Turns: 2393, Time: 00:04:53

Health: -13/34     AC: 10    Str: 19    XL:     5   Next: 69%
Magic:  5/5        EV:  7    Int:  9    God:    Qazlal [......]
Gold:   185        SH:  9    Dex: 10    Spells: 4/4 levels left

rFire    . . .     SeeInvis .   a - +0 flail
rCold    . . .     Gourm    .   c - +0 shield
rNeg     + . .     Faith    .   b - +0 scale mail
rPois    ∞         Spirit   .   (no helmet)
rElec    +         Reflect  .   (no cloak)
rCorr    .         Harm     .   (no gloves)
MR       .....                  (no boots)
Stlth    ..........             (no amulet)
HPRegen  0.11/turn              (no ring)
MPRegen  0.09/turn              (no ring)

@: no status effects
A: negative energy resistance 1, electricity resistance, unbreathing,
petrification resistance, rot immunity, AC +4
a: Renounce Religion


You were in an ossuary.
You worshipped Qazlal.
Qazlal was noncommittal.
You were not hungry.

You visited 1 branch of the dungeon, and saw 4 of its levels.
You also visited: Ossuary.

You collected 185 gold pieces.

Inventory:

Hand Weapons
 a - a +0 flail (weapon)
Missiles
 p - 8 poisoned javelins (quivered)
 s - 23 bolts
Armour
 b - a +0 scale mail (worn)
 c - a +0 shield (worn)
 w - a +0 chain mail
Jewellery
 x - an uncursed ring of fire
 A - a cursed amulet of inaccuracy {unknown}
Wands
 y - a wand of paralysis (13)
 B - a wand of flame (23)
Scrolls
 e - 2 scrolls of remove curse {unknown}
 g - a scroll of enchant weapon {unknown}
 h - 3 scrolls of magic mapping {unknown}
 j - 2 scrolls of teleportation {unknown}
 k - 2 scrolls of blinking {unknown}
 n - 3 scrolls of identify {unknown}
 t - 3 scrolls of enchant armour {unknown}
 v - a scroll of fog {unknown}
Potions
 d - a potion of might
 i - a potion of magic {unknown}
 l - a potion of mutation {unknown}
 m - 3 potions of heal wounds {unknown}
 o - a potion of cancellation {unknown}
 q - 2 potions of lignification {unknown}
 r - a potion of haste {unknown}
 u - 2 potions of curing {unknown}
 z - a potion of berserk rage {unknown}
Comestibles
 f - 4 rations


   Skills:
 + Level 4.7 Fighting
 * Level 4.8 Maces & Flails
 - Level 3.2 Armour
 - Level 3.2 Shields


You had 4 spell levels left.
You didn't know any spells.

Dungeon Overview and Level Annotations

Branches:
Dungeon (4/15)
 Temple: D:4-7

Altars:
Dithmenos
Elyvilon
Gozag
Kikubaaqudgha
Qazlal
Vehumet
Zin


Innate Abilities, Weirdness & Mutations

You are resistant to torment.
Your stone body is resilient. (AC +4)
You are immune to poison.
You resist negative energy. (rN+)
You are resistant to electric shocks. (rElec)
You can survive without breathing.
You are immune to petrification.
You are immune to rotting.


Message History

The mummy is moderately damaged.
The mummy hits you!
You hit the mummy.
The mummy is heavily damaged.
The mummy hits you but does no damage. You block the mummy's attack.
You hit the mummy.
The mummy is severely damaged.
Your shield and scale mail prevent you from hitting the mummy.
The mummy is severely damaged.
You block the mummy's attack. The mummy hits you but does no damage.
You hit the mummy.
The mummy is almost destroyed.
The mummy closely misses you. The mummy hits you!
You hit the mummy.
You destroy the mummy!
Qazlal accepts your kill. The mummy hits you!
* * * LOW HITPOINT WARNING * * *
The mummy hits you!
You die...

#########
#+#......@###
........MM..##
......^......#
.....∩^∩.....#
.............#
...^........##
#+#.......###
#########


You could see 2 mummies.

Vanquished Creatures
  A centaur skeleton (D:4)
  A worker ant (D:4)
  A hound skeleton (D:2)
  A mummy (Ossuary)
  4 adders
  An ooze (D:2)
  2 worms
  3 dart slugs
  4 leopard geckos
  5 orcs (D:3)
  6 giant cockroaches
  4 goblins
  4 hobgoblins
  2 ball pythons
  8 bats
  A frilled lizard (D:2)
  5 kobolds
  6 rats
59 creatures vanquished.

Notes
Turn   | Place    | Note
-------+----------+-------------------------------------------
     0 | D:1      | Faca the Gargoyle Fighter began the quest for the Orb.
     0 | D:1      | Reached XP level 1. HP: 14/14 MP: 1/1
    58 | D:1      | Reached XP level 2. HP: 19/19 MP: 2/2
   680 | D:2      | Found a radiant altar of Vehumet.
   731 | D:2      | Reached XP level 3. HP: 22/24 MP: 3/3
   938 | D:2      | Reached XP level 4. HP: 27/29 MP: 4/4
   965 | D:2      | Found a shadowy altar of Dithmenos.
  1422 | D:3      | Found a white marble altar of Elyvilon.
  1422 | D:3      | Found a glowing silver altar of Zin.
  1423 | D:3      | Found a stormy altar of Qazlal.
  1426 | D:3      | Found an ancient bone altar of Kikubaaqudgha.
  1430 | D:3      | Became a worshipper of Qazlal Stormbringer
  1800 | D:3      | Reached XP level 5. HP: 34/34 MP: 5/5
  2219 | D:4      | Found an opulent altar of Gozag.
  2282 | D:4      | Found a sand-covered staircase.
  2383 | Ossuary  | Entered an ossuary
  2393 | Ossuary  | HP: 1/34 [mummy (13)]
  2393 | Ossuary  | Mangled by a mummy

Skill      XL: |  1  2  3  4 |
---------------+-------------+-----
Maces & Flails | 3 4 |  4.8
Fighting       | 4 |  4.7
Armour         | |  3.2
Shields        | |  3.2

Action                   |  1- 3 |  4- 6 || total
-------------------------+-------+-------++-------
Melee: Flail             |    97 |   145 ||   242
  Eat: Ration            |       |     2 ||     2
       Chunk             |       |     1 ||     1
Armor: Scale mail        |    65 |    75 ||   140
Dodge: Dodged            |    25 |    43 ||    68
Block: Shield            |    65 |    81 ||   146
